[Event "22nd Hoogeveen Open 2018"]
[Site "Hoogeveen"]
[Date "2018.10.22"]
[Round "3"]
[White "Rakshitta, Ravi"]
[Black "Tomilova, Elena"]
[Result "1/2-1/2"]
[ECO "B34"]
[WhiteElo "2160"]
[BlackElo "2328"]
[Annotator "NA RC"]
[PlyCount "108"]
[EventDate "2018.10.20"]
[EventType "swiss"]
[EventCountry "NED"]
[SourceTitle "playchess.com"]
[Source "ChessBase"]
[SourceQuality "1"]
[TimeControl "40/5400+30:1800+30"]

1. e4 c5 2. Nf3 Nc6 3. Nc3 g6 4. d4 cxd4 5. Nxd4 Bg7 6. Nde2 Nf6 7. g3 b5 8. Bg2 {[%emt 0:01:52] B34: Sizilianisch (Beschleunigtes Fianchetto)} Rb8 9. O-O d6 (9... O-O 10. h3 a5 11. a3 d6 12. Be3 Nd7 13. Rb1 b4 14. axb4 axb4 15. Nd5 Ba6 16. Re1 e6 17. Ndf4 Qc7 18. Qd2 Nce5 19. b3 Rfc8 {1-0 (58) Caruana,F (2808)-Vachier Lagrave,M (2796) Stavanger 2017}) 10. Nd5 Nd7 11. c3 O-O 12. b3 b4 $146 ({Vorgänger:} 12... e6 13. Ne3 b4 14. Bd2 a5 15. Rc1 Nc5 16. c4 a4 17. Rb1 axb3 18. axb3 {½-½ (48) Kovchan,A (2558)-Azarov,S (2635) Alushta 2011}) 13. Bb2 e6 14. Ne3 Ba6 15. Rc1 Rc8 16. Ba1 bxc3 17. Bxc3 Bxc3 18. Rxc3 Bxe2 19. Qxe2 Nd4 20. Qd2 Rxc3 21. Qxd4 Rc6 22. Qxa7 h5 23. Qd4 Ne5 24. Qd2 Qb6 25. h3 Rfc8 26. Kh1 Qb5 27. Rd1 Rc3 28. Qxd6 Ra8 29. Nd5 (29. Bf1 $142 Qa5 30. Qd2) 29... exd5 30. Qxe5 Qe2 31. Qxd5 (31. Rg1 $17 Rd3 32. Rf1) 31... Rxa2 32. e5 Rcc2 ({Less strong is} 32... Qxf2 33. Rf1 $15) 33. Rf1 Rd2 34. Qc5 Rac2 35. Qb6 Qxe5 36. b4 Rb2 37. Bc6 {[%emt 0:02:35] [#]} h4 $1 38. gxh4 Qc3 39. Bg2 Qxb4 40. Qxb4 Rxb4 41. h5 g5 (41... gxh5 $142 42. Bf3 h4) 42. Bf3 {[%emt 0:01:58] [#]} Kg7 (42... Rdb2 $1 $19 43. Kg2 Rc2) 43. Kg2 Rbb2 44. Bg4 Rb5 45. Rd1 (45. Ra1 $17 {was called for.}) 45... Rc2 (45... Rxd1 $19 46. Bxd1 Kh6) 46. Rd6 f6 47. h6+ Kg6 ({Resist} 47... Kxh6 48. Rxf6+ Kg7 49. Ra6 $17) 48. h7 Rb8 49. Rd5 Rc7 50. Bf5+ Kg7 51. Kg3 Re7 52. f3 Reb7 53. Rc5 Rf8 54. h4 $11 gxh4+ 1/2-1/2

[Event "22nd Hoogeveen Open 2018"]
[Site "Hoogeveen"]
[Date "2018.10.22"]
[Round "3"]
[White "Mijnheer, Peter"]
[Black "De Vries, Emma"]
[Result "1-0"]
[ECO "C06"]
[WhiteElo "2092"]
[BlackElo "1905"]
[Annotator "NA RC"]
[PlyCount "75"]
[EventDate "2018.10.20"]
[EventType "swiss"]
[EventCountry "NED"]
[SourceTitle "playchess.com"]
[Source "ChessBase"]
[SourceQuality "1"]
[TimeControl "40/5400+30:1800+30"]

1. e4 e6 2. d4 d5 3. Nd2 Nf6 4. e5 Nfd7 5. c3 c5 6. Bd3 Nc6 7. Ne2 cxd4 8. cxd4 f6 9. exf6 Nxf6 10. O-O Bd6 11. Nf3 Qc7 12. Nc3 a6 13. Bg5 O-O 14. Bh4 g6 15. Bg3 Nh5 {[%emt 0:05:53] C06: French Tarrasch: 3...Nf6 4 e5 Nfd7 5 Bd3 main lines} (15... Bxg3 16. hxg3 Qg7 17. Qd2 Ng4 18. Bc2 Bd7 19. Na4 Rxf3 20. gxf3 Nxd4 21. Kg2 Nh2 22. Rh1 Nhxf3 23. Qd1 {0-1 (40) Lawson,E (2367)-Rodriguez Vila,A (2523) Buenos Aires 2005}) 16. Bxd6 Qxd6 17. Re1 Ng7 $146 ({Predecessor:} 17... Bd7 18. a4 Rf6 19. Ng5 Qf4 20. Nxh7 Kxh7 21. Qxh5+ Kg7 22. Qe2 Rh8 23. h3 {0-1 (64) Rafiee,M (2135)-Wahedi,A (2287) Germany 2012}) 18. a3 Bd7 19. b4 Nf5 20. Bxf5 Rxf5 21. Re3 b5 22. Qd3 Raf8 23. Rae1 Qf4 24. Ne2 Qh6 ({Better is} 24... Qd6) 25. Ng3 Rf4 26. h3 Qg7 27. Ne2 R4f6 28. Rf1 a5 29. Ne5 axb4 30. Nxc6 Bxc6 31. axb4 Qe7 32. Qd2 Ra8 33. Nc1 Be8 34. Nd3 g5 35. Ne5 Bg6 (35... Ra4 $16) 36. Rg3 Ra4 $2 (36... Rf4 $16 37. Rc3 Rff8) 37. Rc1 Rxb4 $18 (37... Rf4 38. Rc8+ Kg7) 38. Nc6 1-0

[Event "22nd Hoogeveen Open 2018"]
[Site "Hoogeveen"]
[Date "2018.10.22"]
[Round "3"]
[White "Verhoef, Pieter"]
[Black "Kutchoukov, Daniel"]
[Result "1-0"]
[ECO "B19"]
[WhiteElo "2058"]
[BlackElo "1882"]
[Annotator "NA RC"]
[PlyCount "47"]
[EventDate "2018.10.20"]
[EventType "swiss"]
[EventCountry "NED"]
[SourceTitle "playchess.com"]
[Source "ChessBase"]
[SourceQuality "1"]
[TimeControl "40/5400+30:1800+30"]

1. e4 c6 2. d4 d5 3. Nd2 dxe4 4. Nxe4 Bf5 5. Ng3 Bg6 6. h4 h6 7. Nf3 e6 8. Ne5 Bh7 9. Bd3 Bxd3 10. Qxd3 Nd7 {[%emt 0:03:25] B19: Classical Caro-Kann: 4...Bf5 main line} 11. Qe2 Bd6 $146 ({Predecessor:} 11... Ngf6 12. Bd2 c5 13. Nxd7 Qxd7 14. dxc5 Bxc5 15. O-O-O Qa4 16. Bc3 Be7 17. Rd4 Qc6 18. Rc4 Qxg2 {½-½ (37) Predke,A (2601)-Matlakov,M (2738) Moscow 2017}) 12. Bf4 Ndf6 13. Nf5 Bf8 14. Nc4 Nd5 15. Bg3 Qd7 16. O-O-O Ngf6 17. h5 b5 18. Ne5 Qb7 19. c4 bxc4 20. Nxc4 Qd7 $16 21. Rhe1 Nb6 22. Ncd6+ Bxd6 23. Bxd6 O-O-O 24. Qa6+ 1-0

[Event "22nd Hoogeveen Open 2018"]
[Site "Hoogeveen"]
[Date "2018.10.22"]
[Round "3"]
[White "Biermann, Florian"]
[Black "Oord, Raymon"]
[Result "1/2-1/2"]
[ECO "D11"]
[WhiteElo "2024"]
[BlackElo "1900"]
[Annotator "NA RC"]
[PlyCount "130"]
[EventDate "2018.10.20"]
[EventType "swiss"]
[EventCountry "NED"]
[SourceTitle "playchess.com"]
[Source "ChessBase"]
[SourceQuality "1"]
[TimeControl "40/5400+30:1800+30"]

1. c4 c6 2. d4 d5 3. Qc2 Nf6 4. Nf3 g6 5. Bf4 Nh5 {[%emt 0:13:56] D11: Slav Defence: 3 Nf3 sidelines and 3...Nf6 4 e3 Bg4} (5... Bg7 6. e3 O-O 7. cxd5 Bf5 8. Qb3 Bxb1 9. Rxb1 Qa5+ 10. Nd2 Nxd5 11. Bg3 e5 12. dxe5 Nd7 13. Qa3 Qxa3 14. bxa3 b5 {0-1 (57) Romanov,E (2611)-Saric,I (2689) Biograd 2018}) 6. Be5 f6 7. Bg3 Nxg3 8. hxg3 Bf5 9. Qb3 Qb6 $146 ({Predecessor:} 9... Qd7 10. e3 Bg7 11. Nc3 Be6 12. cxd5 cxd5 13. Bb5 {1-0 (46) Rabe,K (2060)-Bernhardt,G (2026) Altenholz 2009}) 10. e3 e6 11. Nc3 g5 12. Be2 Nd7 13. Nd2 Bg6 14. Bg4 f5 15. Be2 Bg7 16. f4 g4 17. c5 Qxb3 18. Nxb3 Kf7 (18... b6 $17) 19. Kf2 (19. Na5 $11) 19... h5 ({Better is} 19... b6 $17) 20. Na5 Rab8 21. b4 Bf6 22. Rac1 Bd8 23. Rb1 Bc7 24. Rb2 Nf6 25. a4 Rhe8 26. Rc1 a6 27. Nb3 Ra8 28. Ra1 Ra7 29. Nc1 Ne4+ 30. Nxe4 fxe4 31. Na2 Kf6 32. Nc3 Rea8 33. Ke1 Be8 34. Kd2 Ke7 35. Rab1 b5 36. cxb6 Bxb6 37. a5 Bc7 38. Na4 Bd6 39. Nc5 Bxc5 40. bxc5 Bd7 41. Rb8 Bc8 42. R8b6 (42. Rxa8 $18 Rxa8 43. Rh1) 42... Bd7 43. Rb7 Kd8 44. Rxa7 Rxa7 45. Rb6 Kc7 46. Bxa6 ({Don't do} 46. Rxa6 $6 Rxa6 47. Bxa6 Kb8 $16) 46... Ra8 $1 47. Kc3 Ra7 $2 (47... Bc8 $1 $11 {and Black has nothing to worry.} 48. Bxc8 Rxc8) 48. Kb4 Be8 49. Be2 Bd7 50. a6 Be8 51. Ka5 Bd7 52. Rb1 Be8 53. Rh1 Ra8 54. Bxg4 ({White should try} 54. Kb4 $18) 54... hxg4 55. Rh7+ Bd7 56. Rg7 Ra7 57. Rxd7+ Kxd7 58. Kb6 $11 Rc7 59. a7 Rc8 60. Kb7 Rc7+ 61. Kb8 Rc8+ 62. Kb7 Ra8 63. Kb6 Rc8 64. Ka6 Ra8 65. Kb7 Kd8 1/2-1/2

[Event "22nd Hoogeveen Open 2018"]
[Site "Hoogeveen"]
[Date "2018.10.22"]
[Round "3"]
[White "Maters, Arthur"]
[Black "Brands, Kevin"]
[Result "1-0"]
[ECO "B92"]
[WhiteElo "1933"]
[BlackElo "1862"]
[Annotator "NA RC"]
[PlyCount "149"]
[EventDate "2018.10.20"]
[EventType "swiss"]
[EventCountry "NED"]
[SourceTitle "playchess.com"]
[Source "ChessBase"]
[SourceQuality "1"]
[TimeControl "40/5400+30:1800+30"]

1. e4 c5 2. Nf3 d6 3. d4 cxd4 4. Nxd4 Nf6 5. Nc3 a6 6. Be2 e5 7. Nf3 Be7 8. Bg5 Nbd7 9. a4 O-O 10. O-O Re8 {[%emt 0:09:38] B92: Sicilian Najdorf: 6 Be2} (10... b6 11. Bc4 Bb7 12. Qe2 Nxe4 13. Nxe4 Bxe4 14. Qxe4 Bxg5 15. Bxf7+ Kxf7 16. Qd5+ Kg6 17. Qxd6+ Bf6 18. Qd3+ {1-0 (52) Harikrishna,P (2744)-Korobov,A (2652) Huaian 2017}) 11. Nd2 $146 ({Predecessor:} 11. Re1 Qc7 12. a5 b5 13. axb6 Nxb6 14. Bxf6 Bxf6 15. h3 Bb7 16. Nh2 Red8 17. Ng4 Bg5 18. Bd3 {1-0 (50) Gluckman,P (1779)-Ncube,S (1901) Port Elizabeth 2016}) 11... h6 12. Bxf6 Nxf6 13. Nc4 Be6 14. Ne3 Rc8 15. Qd2 Rc5 16. Rfd1 Qb6 17. Rab1 Qc7 18. Rbc1 Rxc3 19. Qxc3 Qxc3 20. bxc3 Nxe4 21. c4 Nc3 22. Rd2 Nxa4 23. Rb1 Nc5 24. Rb6 Rc8 25. g3 a5 26. Rd1 a4 27. Ra1 Ra8 28. Bd1 a3 29. Ra2 Ne4 30. Rb3 Nd2 31. Rbxa3 Rxa3 32. Rxa3 Nxc4 33. Nxc4 Bxc4 34. Ra8+ Kh7 35. Rc8 b5 36. Rc7 Bf8 37. Bf3 Kg6 38. Bc6 Kf6 39. Rb7 Be7 40. Bxb5 Bxb5 41. Rxb5 Ke6 42. c4 Bd8 43. Kf1 Bg5 44. Ke2 Bc1 45. Rb3 Bg5 46. Kd3 Bd8 47. Rb5 Bc7 48. Ke4 Bd8 49. h4 f5+ 50. Ke3 g5 (50... h5 $16 51. Ke2 g6) 51. h5 g4 52. Rb7 e4 53. Rg7 Bg5+ 54. Ke2 Kf6 55. Rg6+ Ke5 56. Kd1 f4 (56... e3 $16 {keeps fighting.} 57. Ke2 exf2 58. Kxf2 Bd2) 57. gxf4+ Bxf4 58. Rxg4 Kf5 59. Rg6 Ke5 60. Ke2 Kd4 61. Rf6 Ke5 62. Rf8 Bg5 63. f3 exf3+ $18 (63... e3 64. Re8+ Kf5) 64. Kxf3 Kd4 65. Rf5 Be7 66. Rf7 Bg5 67. Rd7 Kxc4 68. Rxd6 Kc5 69. Rd1 Kc6 70. Ke4 Kc7 71. Kf5 Be3 72. Kg6 Bg5 73. Kg7 Be3 74. Re1 Bg5 75. Re6 1-0

[Event "22nd Hoogeveen Open 2018"]
[Site "Hoogeveen"]
[Date "2018.10.22"]
[Round "3"]
[White "Shakhverdian, William"]
[Black "Van de Pavoordt, Max"]
[Result "1/2-1/2"]
[ECO "C01"]
[WhiteElo "1903"]
[BlackElo "2034"]
[Annotator "NA RC"]
[PlyCount "80"]
[EventDate "2018.10.20"]
[EventType "swiss"]
[EventCountry "NED"]
[SourceTitle "playchess.com"]
[Source "ChessBase"]
[SourceQuality "1"]
[TimeControl "40/5400+30:1800+30"]

1. e4 e6 2. d4 d5 3. exd5 exd5 4. Nf3 Nf6 5. Bd3 Bd6 6. O-O O-O 7. Bg5 Bg4 8. Nbd2 c6 9. c3 Nbd7 10. Qc2 Qc7 11. Rfe1 Rfe8 12. Bh4 Bh5 13. Bg3 Bg6 14. Bxg6 hxg6 15. Rxe8+ Rxe8 16. Re1 Rxe1+ 17. Nxe1 Bxg3 18. hxg3 Nb6 19. Nd3 Qe7 20. Qd1 Nc8 21. Kf1 Nd6 22. Qe2 Kf8 23. f3 Qc7 24. g4 Nd7 25. Ne5 Nxe5 26. Qxe5 Ne8 27. Qxc7 Nxc7 28. Ke2 Ne6 29. Ke3 Ke7 30. f4 Kd6 31. Nf3 f6 32. Nh4 Nxf4 33. Kxf4 g5+ 34. Kg3 gxh4+ 35. Kxh4 g6 36. g5 f5 37. Kg3 b6 38. Kf4 c5 39. b4 c4 40. b5 Ke6 1/2-1/2

[Event "22nd Hoogeveen Open 2018"]
[Site "Hoogeveen"]
[Date "2018.10.22"]
[Round "3"]
[White "Husers, Yannic"]
[Black "Van Foreest, Machteld"]
[Result "1-0"]
[ECO "C29"]
[WhiteElo "1866"]
[BlackElo "1934"]
[Annotator "NA RC"]
[PlyCount "121"]
[EventDate "2018.10.20"]
[EventType "swiss"]
[EventCountry "NED"]
[SourceTitle "playchess.com"]
[Source "ChessBase"]
[SourceQuality "1"]
[TimeControl "40/5400+30:1800+30"]

1. e4 e5 2. Nc3 Nf6 3. f4 d5 4. fxe5 Nxe4 5. Nf3 Be7 6. g3 {[%emt 0:08:51] C29: Vienna Game: 2...Nf6 3 f4} (6. Qe2 Nxc3 7. dxc3 Be6 8. Bf4 c5 9. O-O-O Nc6 10. h4 h6 11. g3 Qa5 12. Kb1 O-O-O 13. Bh3 Qc7 14. Bxe6+ fxe6 15. Qd3 {½-½ (32) Popov,I (2632)-Sargissian,G (2671) Khanty-Mansiysk 2013}) 6... O-O 7. Bg2 f6 $146 ({Predecessor:} 7... c5 8. O-O Nc6 9. d3 Nxc3 10. bxc3 f6 11. d4 fxe5 12. dxe5 Be6 13. Rb1 Qd7 {0-1 (30) Zamudio,J (2214)-Vujadinovic,M (2218) IECG email 1999}) 8. O-O Bg4 9. Qe1 Bc5+ 10. Kh1 Nf2+ 11. Rxf2 Bxf2 12. Qxf2 fxe5 13. d3 Qf6 14. Bf4 exf4 15. Nxd5 Qd6 16. Nxf4 Bxf3 17. Bxf3 Nc6 18. Qg2 Rae8 19. Be4 Qf6 20. c3 Qd6 21. d4 Kh8 22. Re1 Re7 23. Qh3 Qh6 24. Qg4 Rfe8 25. Nd5 Rxe4 26. Rxe4 Qc1+ 27. Kg2 Qc2+ 28. Kf3 Qd1+ 29. Kg2 Qc2+ 30. Kf3 Rf8+ 31. Rf4 Rxf4+ 32. Nxf4 Qd1+ 33. Ne2 h6 34. Kf2 Qd2 35. Qc8+ Kh7 36. Qxb7 Ne7 37. Qe4+ Ng6 38. h4 h5 39. Qf5 Kh6 40. Kf3 c6 41. a4 a5 42. Qxa5 Ne7 43. Qg5+ Qxg5 44. hxg5+ Kxg5 45. Nf4 h4 46. a5 hxg3 47. Kxg3 Nf5+ 48. Kf3 Nd6 49. Ne6+ Kf6 50. Nd8 Nc4 51. a6 Ke7 52. Nxc6+ Kd6 {[%emt 0:00:00] [#]} 53. Ne5 $1 Nb6 54. c4 Nc8 55. b4 Na7 56. b5 Kc7 57. Nd3 $18 Kb6 58. d5 Kc7 59. Ke4 Kd7 60. b6 Nc8 61. c5 1-0

[Event "22nd Hoogeveen Open 2018"]
[Site "Hoogeveen"]
[Date "2018.10.22"]
[Round "3"]
[White "Achuthan, Dylan"]
[Black "Minko, Dmitry"]
[Result "0-1"]
[ECO "A06"]
[WhiteElo "1751"]
[BlackElo "2011"]
[Annotator "NA RC"]
[PlyCount "82"]
[EventDate "2018.10.20"]
[EventType "swiss"]
[EventCountry "NED"]
[SourceTitle "playchess.com"]
[Source "ChessBase"]
[SourceQuality "1"]
[TimeControl "40/5400+30:1800+30"]

1. Nf3 d5 2. b3 c5 3. Bb2 Bf5 {[%emt 0:00:57] A06: Réti Opening:1 Nf3 d5} (3... Nf6 4. e3 g6 5. Bxf6 exf6 6. c3 Nc6 7. d4 b6 8. Bb5 Bb7 9. O-O a6 10. Bd3 Bd6 11. Re1 O-O 12. g3 Qc7 {½-½ (73) Nakamura,H (2786)-Caruana,F (2802) chess.com INT 2017}) 4. e3 Nf6 5. Bb5+ Nbd7 6. O-O a6 7. Bxd7+ Qxd7 8. Ne5 Qc8 $146 ({Predecessor:} 8... Qc7 9. d3 Nd7 10. Qf3 e6 11. Nxf7 Kxf7 12. e4 {1-0 (24) Karlsson,L (2405)-Lputian,S (2445) Erevan (Armenia) 1980}) 9. d3 Nd7 10. f4 Nxe5 11. Bxe5 d4 12. e4 Bg4 13. Qe1 f6 14. f5 Bh5 15. Bf4 e5 16. Bc1 Qc6 17. Nd2 Bd6 18. Qh4 Bf7 19. Qg3 Rg8 20. Qh3 Ke7 21. Qf3 Raf8 22. Rf2 Kd8 23. Nf1 Kc7 24. Ng3 Kd7 25. a4 b5 26. axb5 axb5 27. Ba3 Ra8 28. Rff1 Ra6 29. Qg4 Ke7 30. Rfb1 Rga8 31. Bb2 Rxa1 32. Rxa1 Rxa1+ 33. Bxa1 Qa6 34. Qd1 Qa2 35. Qc1 c4 36. bxc4 Ba3 37. Qe1 bxc4 38. Ne2 (38. h3 $142) 38... Qxc2 $19 39. Qa5 Qb1+ 40. Kf2 Qxa1 41. Qc7+ Kf8 0-1

[Event "22nd Hoogeveen Open 2018"]
[Site "Hoogeveen"]
[Date "2018.10.22"]
[Round "4"]
[White "Colijn, Stefan"]
[Black "Elgersma, Onno"]
[Result "0-1"]
[ECO "D02"]
[WhiteElo "2340"]
[BlackElo "2223"]
[Annotator "NA"]
[PlyCount "63"]
[EventDate "2018.10.20"]
[EventType "swiss"]
[EventCountry "NED"]
[SourceTitle "playchess.com"]
[Source "ChessBase"]
[SourceQuality "1"]
[TimeControl "40/5400+30:1800+30"]

1. d4 Nf6 2. Nf3 e6 3. Bf4 d5 4. e3 c5 5. c3 Nc6 6. Bd3 Be7 7. h3 Bd6 8. dxc5 Bxc5 9. Nbd2 O-O 10. e4 e5 11. Bg5 Be6 12. O-O a5 13. Qe2 h6 14. Bxf6 Qxf6 15. exd5 Bxd5 16. Ne4 Qe7 17. Bc4 Bxe4 18. Qxe4 $11 Kh8 19. Bd5 f5 20. Qh4 Rf6 21. Qh5 e4 22. Nh4 Qe8 23. Qxe8+ Rxe8 24. g4 fxg4 25. hxg4 Ne5 26. Bxe4 Nxg4 27. Bf5 Ne5 28. Kh1 g5 29. f4 Nc4 30. fxg5 hxg5 31. Bd3 Rh6 32. Kg2 0-1

[Event "22nd Hoogeveen Open 2018"]
[Site "Hoogeveen"]
[Date "2018.10.22"]
[Round "4"]
[White "Bertholee, Rob"]
[Black "Rakshitta, Ravi"]
[Result "0-1"]
[ECO "C44"]
[WhiteElo "2334"]
[BlackElo "2160"]
[Annotator "NA"]
[PlyCount "108"]
[EventDate "2018.10.20"]
[EventType "swiss"]
[EventCountry "NED"]
[SourceTitle "playchess.com"]
[Source "ChessBase"]
[SourceQuality "1"]
[TimeControl "40/5400+30:1800+30"]

1. e4 e5 2. Nf3 Nc6 3. c3 d5 4. Qa4 Bd7 5. exd5 Nd4 6. Qd1 Nxf3+ 7. Qxf3 Nf6 8. Bc4 Bd6 9. d3 Bg4 10. Qe3 Qe7 11. h3 Bf5 12. Nd2 Bc5 13. Bb5+ Nd7 14. Qf3 Bg6 15. d6 Qxd6 16. Qxb7 O-O 17. Qc6 Qxc6 18. Bxc6 Rad8 19. Ne4 Be7 20. g4 Nc5 21. Nxc5 Bxc5 22. Be4 f5 23. gxf5 Bxf5 24. Rh2 Bxe4 25. dxe4 Rd3 26. Ke2 Rdf3 27. Be3 Bxe3 28. fxe3 Rg3 29. Rd1 Rff3 30. Rd8+ Kf7 31. Rd7+ Kf6 32. Rxc7 Rxe3+ 33. Kf1 Ref3+ 34. Ke1 Rxh3 35. Rxh3 Rxh3 36. Rxa7 Rh1+ 37. Kd2 Rh2+ 38. Kc1 g5 39. a4 g4 40. Ra8 g3 41. Rg8 g2 42. b4 Rh1+ 43. Kb2 g1=Q 44. Rxg1 Rxg1 45. a5 Rg8 46. b5 Ke6 47. Kb3 h5 48. a6 Kd6 49. Kb4 h4 50. b6 h3 51. a7 Kc6 52. Ka5 h2 53. Ka6 h1=Q 54. a8=B+ Rxa8# 0-1

[Event "22nd Hoogeveen Open 2018"]
[Site "Hoogeveen"]
[Date "2018.10.22"]
[Round "4"]
[White "Tomilova, Elena"]
[Black "Van Randtwijk, Mick"]
[Result "1-0"]
[ECO "A20"]
[WhiteElo "2328"]
[BlackElo "1979"]
[Annotator "NA"]
[PlyCount "63"]
[EventDate "2018.10.20"]
[EventType "swiss"]
[EventCountry "NED"]
[SourceTitle "playchess.com"]
[Source "ChessBase"]
[SourceQuality "1"]
[TimeControl "40/5400+30:1800+30"]

1. c4 e5 2. g3 Nf6 3. Bg2 d5 4. cxd5 Nxd5 5. Nf3 Nc6 6. O-O Be7 7. d4 exd4 8. Nxd4 Nxd4 9. Qxd4 Nf6 10. Qa4+ {[%emt 0:00:08] A20: Englische Eröffnung} Bd7 11. Qb3 Rb8 12. Bf4 O-O 13. Rd1 Qe8 $146 ({Vorgänger:} 13... Qc8 14. Qc2 Ne8 15. Nc3 Bd8 16. Rac1 a6 17. Nd5 Bc6 18. Be4 h6 19. Bf5 {1-0 (19) Chatalbashev,B (2534)-Huels,M (1969) Berlin 2016}) 14. Nc3 Bd8 15. Rac1 b5 16. Nd5 Be6 17. Nxf6+ Bxf6 18. Qa3 Bc4 19. Bxc7 Rc8 20. Qa5 Bxb2 21. Rc2 Be5 22. Rxc4 bxc4 23. Bxe5 $18 f6 24. Bc3 Qxe2 25. Re1 Qd3 26. Be4 Qd8 27. Qh5 g6 28. Bxg6 hxg6 29. Qxg6+ Kh8 30. Re4 Qd1+ 31. Be1 f5 32. Rh4+ 1-0

[Event "22nd Hoogeveen Open 2018"]
[Site "Hoogeveen"]
[Date "2018.10.22"]
[Round "4"]
[White "Van Kooten, Luuk"]
[Black "Thrish Karthik"]
[Result "0-1"]
[ECO "D21"]
[WhiteElo "2320"]
[BlackElo "2116"]
[Annotator "NA"]
[PlyCount "94"]
[EventDate "2018.10.20"]
[EventType "swiss"]
[EventCountry "NED"]
[SourceTitle "playchess.com"]
[Source "ChessBase"]
[SourceQuality "1"]
[TimeControl "40/5400+30:1800+30"]

1. d4 d5 2. c4 dxc4 3. e4 b5 4. a4 c6 5. Nf3 e6 6. b3 Nf6 7. e5 Ne4 8. bxc4 Bb4+ 9. Nbd2 Bc3 10. Ra3 b4 11. Ra2 c5 12. Bd3 Bb7 13. O-O Nxd2 14. Bxd2 cxd4 15. Bf4 Nd7 16. Nd2 Nc5 17. Nb3 Nxd3 18. Qxd3 Qc7 19. Rd1 Ba6 20. Nd2 f5 21. exf6 Qxf4 22. fxg7 Rg8 23. Qxh7 O-O-O 24. Ne4 Bxc4 25. g3 Qf7 26. Raa1 Qxg7 27. Qh4 Bxa1 28. Rxa1 Rh8 29. Qf4 Qh6 30. Qxh6 Rxh6 31. Rc1 a5 32. Rxc4+ Kb7 33. Nc5+ Kb6 34. Nd3 Rh7 35. Rc5 Ra7 36. Re5 Rd6 37. Kf1 Kc6 38. Ke2 Kd7 39. Rg5 Rc7 40. Rxa5 Rb6 41. Nc5+ Kd6 42. Nb3 Rc2+ 43. Kd1 Rxf2 44. Nxd4 b3 45. Nb5+ Kc5 46. Kc1 Kb4 47. Ra7 b2+ 0-1

[Event "22nd Hoogeveen Open 2018"]
[Site "Hoogeveen"]
[Date "2018.10.22"]
[Round "4"]
[White "Den Hartog, Marijn"]
[Black "Konings, Frans"]
[Result "1-0"]
[ECO "C54"]
[WhiteElo "2296"]
[BlackElo "2195"]
[Annotator "NA"]
[PlyCount "115"]
[EventDate "2018.10.20"]
[EventType "swiss"]
[EventCountry "NED"]
[SourceTitle "playchess.com"]
[Source "ChessBase"]
[SourceQuality "1"]
[TimeControl "40/5400+30:1800+30"]

1. e4 e5 2. Nf3 Nc6 3. Bc4 Bc5 4. d3 Nf6 5. O-O d6 6. c3 a6 7. Bb3 Ba7 8. h3 h6 9. Re1 O-O 10. Nbd2 Be6 11. Nc4 Re8 12. Ne3 Qd7 13. Bc2 Rad8 14. d4 exd4 $11 15. Nxd4 Nxd4 16. cxd4 d5 17. e5 Ne4 18. b4 Qe7 19. f3 Qh4 20. fxe4 dxe4 21. Bb2 Bxh3 22. gxh3 Rxe5 23. Ng2 Qxh3 24. Re3 Qe6 25. dxe5 Rxd1+ 26. Rxd1 Qxa2 27. Bxe4 Kf8 28. Rd2 Qc4 29. Bf3 Qxb4 30. Rde2 g5 31. Kf1 Bxe3 32. Nxe3 Qf4 33. Kg2 c6 34. Bg4 Qe4+ 35. Bf3 Qf4 36. Bc3 b5 37. Bxc6 Kg8 38. Bf3 b4 39. Nd5 Qc4 40. Bb2 Kf8 41. Nf6 Qd3 42. Rf2 a5 43. Be4 Qd1 44. e6 fxe6 45. Bc2 Qd8 46. Nh7+ Kg8 47. Rf8+ Qxf8 48. Nxf8 Kxf8 49. Bf6 Kf7 50. Bd8 a4 51. Bxa4 Kg6 52. Bc2+ Kh5 53. Kg3 e5 54. Be7 b3 55. Bxb3 Kg6 56. Bc2+ Kh5 57. Be4 g4 58. Bf5 1-0

[Event "22nd Hoogeveen Open 2018"]
[Site "Hoogeveen"]
[Date "2018.10.22"]
[Round "4"]
[White "De Boer, Eelke"]
[Black "De Boer, Bas"]
[Result "1-0"]
[ECO "B94"]
[WhiteElo "2285"]
[BlackElo "2102"]
[Annotator "NA"]
[PlyCount "81"]
[EventDate "2018.10.20"]
[EventType "swiss"]
[EventCountry "NED"]
[SourceTitle "playchess.com"]
[Source "ChessBase"]
[SourceQuality "1"]
[TimeControl "40/5400+30:1800+30"]

1. e4 c5 2. Nf3 d6 3. d4 cxd4 4. Nxd4 Nf6 5. Nc3 a6 6. Bg5 Nbd7 7. Qe2 h6 8. Bh4 g6 9. f4 e5 10. fxe5 dxe5 11. O-O-O Qc7 12. Nb3 b5 13. Qf3 Bg7 14. g4 Bb7 15. a3 O-O 16. Bd3 Bc6 17. Kb1 $11 Rab8 18. g5 hxg5 19. Bxg5 a5 20. h4 Nh5 21. Rdg1 a4 22. Nd2 b4 23. axb4 Rxb4 24. Be7 Qb7 25. Bxb4 Qxb4 26. Bc4 a3 27. Bb3 Kh8 28. Rg5 Ndf6 29. bxa3 Qxa3 30. Nc4 Qa6 31. Kb2 Ra8 32. Rf1 Nf4 33. Rxe5 N6d5 34. exd5 Bxe5 35. dxc6 Ne6 36. Qd5 Bg7 37. h5 Nc7 38. Qh1 g5 39. h6 Be5 40. Qe4 Bxc3+ 41. Kxc3 1-0

[Event "22nd Hoogeveen Open 2018"]
[Site "Hoogeveen"]
[Date "2018.10.22"]
[Round "4"]
[White "Hamblok, Roel"]
[Black "Mijnheer, Peter"]
[Result "1-0"]
[ECO "D02"]
[WhiteElo "2275"]
[BlackElo "2092"]
[Annotator "NA"]
[PlyCount "71"]
[EventDate "2018.10.20"]
[EventType "swiss"]
[EventCountry "NED"]
[SourceTitle "playchess.com"]
[Source "ChessBase"]
[SourceQuality "1"]
[TimeControl "40/5400+30:1800+30"]

1. d4 d5 2. Bf4 e6 3. e3 Bd6 4. Bg3 Nf6 5. Nd2 O-O 6. Ngf3 b6 7. c3 {[%emt 0:00:21] D02: 1 d4 d5 2 Nf3 sidelines, including 2...Nf6 3 g3 and 2...Nf6 3 Bf4} c5 (7... Ba6 8. Bxa6 Nxa6 9. Ne5 Nb8 10. f4 c5 11. Bh4 Be7 12. O-O Nfd7 13. Bxe7 Qxe7 14. Rf3 Nxe5 15. fxe5 {1-0 (29) Aronian,L (2767)-Giri,A (2782) chess.com INT 2018}) 8. Bd3 Ba6 9. Bxa6 Nxa6 10. Qe2 Nc7 11. Rd1 c4 $146 ({Predecessor:} 11... cxd4 12. cxd4 Rc8 13. O-O Bxg3 14. hxg3 Qd7 {½-½ (14) Bachmann,K (2276)-Donchenko,A (2381) Finsterbergen 2009}) 12. Ne5 Bxe5 13. Bxe5 b5 14. O-O Rb8 15. e4 b4 16. exd5 exd5 17. cxb4 Rxb4 18. b3 Nb5 19. Rc1 $11 c3 20. Nb1 Re8 21. Bxf6 gxf6 22. Qg4+ Kh8 23. Nxc3 Nxd4 24. Qh5 Qd6 25. Rfe1 Rg8 26. g3 Ne6 27. Qxf7 Ng5 28. Qxd5 Nh3+ 29. Kf1 Qa6+ 30. Re2 Rf4 31. Ke1 Rxf2 32. Rxf2 Nxf2 33. Kxf2 Qb6+ 34. Kg2 Rd8 35. Qe4 Rd2+ 36. Ne2 1-0

[Event "22nd Hoogeveen Open 2018"]
[Site "Hoogeveen"]
[Date "2018.10.22"]
[Round "4"]
[White "Ojas Kulkarni"]
[Black "Karthikeyan, P.."]
[Result "0-1"]
[ECO "A28"]
[WhiteElo "2254"]
[BlackElo "2443"]
[Annotator "NA RC"]
[PlyCount "59"]
[EventDate "2018.10.20"]
[EventType "swiss"]
[EventCountry "NED"]
[SourceTitle "playchess.com"]
[Source "ChessBase"]
[SourceQuality "1"]
[TimeControl "40/5400+30:1800+30"]

1. c4 e5 2. Nc3 Nf6 3. Nf3 Nc6 4. e3 Bb4 5. Qc2 O-O 6. Nd5 Re8 7. a3 Bf8 8. Nxf6+ $146 {[%emt 0:11:29] A28: Englische Eröffnung (Vierspringer-Variante)} ({Vorgänger:} 8. Ng5 g6 9. Nxf6+ Qxf6 10. Ne4 Qe7 11. Nc3 Bg7 12. d3 d6 13. Nd5 Qd8 14. Be2 Ne7 15. O-O c6 16. Nxe7+ Qxe7 {½-½ (41) Heberla,B (2556)-Hracek,Z (2617) Poland 2015}) 8... Qxf6 9. b4 e4 10. Bb2 Qg6 11. Nd4 Nxd4 12. Bxd4 d6 13. Bb2 c5 14. bxc5 dxc5 15. O-O-O Bd7 16. h4 {[%emt 0:04:24] [#]} (16. d4 $17) 16... Qa6 $1 17. Qc3 Ba4 18. Re1 b5 19. cxb5 Bxb5 20. Bxb5 Qxb5 21. h5 h6 22. Rh4 $19 f5 23. Rf4 Rab8 24. Kb1 Rb7 25. Rc1 Reb8 26. Rc2 Qd3 27. Ka2 Rb3 28. Qe5 Rxa3+ 29. Kb1 Rxb2+ 30. Kxb2 0-1